 Dungeon Crawl Stone Soup version 0.32-a0-918-g0f22ef8d61 (webtiles) character file.

Game seed: 951056798966021662

245 innerfire43 the Cudgeller (level 5, -10/40 HPs)
             Began as a Demonspawn Wanderer on Apr 10, 2024.
             Was a Follower of Trog.
             Killed by divine providence
             ... invoked by an orc priest
              (14 damage)
             ... on level 4 of the Dungeon.
             The game lasted 00:04:37 (3124 turns).

innerfire43 the Cudgeller (Demonspawn Wanderer)     Turns: 3124, Time: 00:04:37

Health: -10/40     AC:  9    Str: 11    XL:     5   Next: 83%
Magic:  6/6        EV:  7    Int: 15    God:    Trog [*.....]
Gold:   221        SH:  0    Dex: 13    Spells: 6/6 levels left

rFire   . . .        e - +2 mace (protect)
rCold   . . .        (no shield)
rNeg    . . .        k - +0 chain mail
rPois   .            (no helmet)
rElec   .            b - +0 cloak
rCorr   .            (no gloves)
SInv    .            (no boots)
Will    ++...        (no amulet) Stlth
                     i - ring of willpower
HPRegen 0.26/turn    (no ring)
MPRegen 0.10/turn

%: no passive effects
@: brilliant, enlightened, flying
A: repulsion field 1, demonic guardian 1
a: Renounce Religion, Berserk


You were on level 4 of the Dungeon.
You worshipped Trog.
Trog was aware of your devotion.
You visited 1 branch of the dungeon, and saw 4 of its levels.

You collected 221 gold pieces.

Inventory:

Hand Weapons
 a - a +0 flail
 e - a +2 mace of protection (weapon)
Armour
 b - a +0 cloak (worn)
 d - a +0 robe
 k - a +0 chain mail (worn)
 s - a +0 scale mail of cold resistance
Jewellery
 i - a ring of willpower (left hand)
Scrolls
 c - 2 scrolls of vulnerability
 f - a scroll of poison {unknown}
 g - a scroll of fog
 j - 2 scrolls of teleportation
 n - a scroll of fear
 p - a scroll of identify
 q - a scroll of revelation
 r - a scroll of blinking {unknown}


   Skills:
 + Level 2.9 Fighting
 + Level 3.8 Maces & Flails
 + Level 2.3 Armour
 + Level 2.7 Dodging
 - Level 2.6 Stealth
 - Level 1.0 Spellcasting
 - Level 1.0 Earth Magic


You had 6 spell levels left.
You didn't know any spells.
Your spell library contained the following spells:

 Spells                   Type           Power      Damage    Failure   Level
 Sandblast                Erth           10%        2d5       99%         1
 Passwall                 Erth           5%         N/A       100%        3


Dungeon Overview and Level Annotations

Branches:
Dungeon (4/15)
 Temple: D:4-7

Altars:
Trog
Beogh


Innate Abilities, Weirdness & Mutations

You are surrounded by a mild repulsion field. (EV +2)
A weak demonic guardian rushes to your aid.


Message History

You barely miss the orc. The orc hits you with a +0 morningstar.
* * * LOW HITPOINT WARNING * * *
A demonic guardian appears!
Deactivating autopickup; reactivate with Ctrl-A.
You miss something. Something hits you but does no damage.
Unknown command.
You closely miss something. Something hits you but does no damage.
You barely miss something. Something hits you.
* * * LOW HITPOINT WARNING * * *
Unknown command.
Found a stone staircase leading up.
The orc closely misses you.
You barely miss the orc.
Your ufetubus completely misses something. x2
The orc hits you but does no damage. Something hits your ufetubus.
Your ufetubus closely misses something. x2
You hit the orc.
Your weapon exudes an aura of protection.
The orc is heavily wounded.
Your ufetubus barely misses something.
Your ufetubus misses something. The orc barely misses you.
Something hits your ufetubus.
Your ufetubus barely misses something.
Your ufetubus closely misses something.
The orc hits you but does no damage.
You closely miss the orc.
The orc is heavily wounded.
Your ufetubus closely misses something. x2
Something hits you but does no damage. The orc hits you with a +0 morningstar.
* * * LOW HITPOINT WARNING * * *
A demonic guardian appears!
You barely miss the orc.
The orc is heavily wounded.
Your ufetubus slips past the orc!
Your ufetubus hits the orc.
Your ufetubus barely misses the orc.
The orc closely misses you. Something hits you but does no damage.
Your shadow imp barely misses something.
Your ufetubus hits the orc.
The orc dies!
Trog accepts your kill.
The orc priest calls down the wrath of Beogh upon you.
Beogh smites you!
You die...

............ ...(...
...#.#..##.. ##.).....
......#..#.# .........
..†..#..##.# #........
.)†........## #........
.....#.###..## #5.......
.##..........###{.......
.##....##......o........
####.#..##..#.##@.....)<
#....###.....5.......
####.####.###........
#<...#.# #........
#......# #........
####...# ##....(..
#............[..
#..........##..#
...........


You could see an orc priest (ally target), a friendly shadow imp (summoned) and
a friendly ufetubus (summoned).

Vanquished Creatures
  An orc priest (D:3)
  An iguana (D:4)
  2 orc wizards
  6 adders
  2 dart slugs (D:2)
  2 ribbon worms (D:2)
  2 orcs
  5 endoplasms
  4 giant cockroaches
  8 goblins
  6 hobgoblins
  2 jackals (D:4)
  4 quokkas
  5 ball pythons
  7 bats
  2 frilled lizards
  11 kobolds
  A rat (D:2)
71 creatures vanquished.

Vanquished Creatures (collateral kills)
  An orc (D:4)
  A bat (D:1)
  An endoplasm (D:1)
  A quokka (D:1)
4 creatures vanquished.

Grand Total: 75 creatures vanquished

Notes
Turn   | Place    | Note
-------+----------+-------------------------------------------
     0 | D:1      | innerfire43 the Demonspawn Wanderer began the quest for the
                  | Orb.
     0 | D:1      | innerfire43 set off with the following items: a +0 flail, a
                  | +0 cloak, a scroll of vulnerability, a +0 robe; and the
                  | following spell memorised: Sandblast; and the following
                  | spells available to memorise: Passwall.
     0 | D:1      | Reached XP level 1. HP: 15/15 MP: 2/2
   260 | D:1      | Gained mutation: A weak demonic guardian rushes to your
                  | aid. [demonic ancestry]
   260 | D:1      | Reached XP level 2. HP: 21/21 MP: 3/3
   360 | D:1      | Reached skill level 3 in Maces & Flails
   364 | D:1      | Reached skill level 1 in Armour
   375 | D:1      | Gained mutation: You are surrounded by a mild repulsion
                  | field. (EV +2) [demonic ancestry]
   375 | D:1      | Reached XP level 3. HP: 5/26 MP: 4/4
  1111 | D:2      | Found a bloodstained altar of Trog.
  1153 | D:2      | Became a worshipper of Trog the Wrathful
  1265 | D:2      | Reached XP level 4. HP: 33/33 MP: 5/5
  1947 | D:3      | Found a roughly hewn altar of Beogh.
  2067 | D:3      | Reached XP level 5. HP: 37/39 MP: 6/6
  2974 | D:4      | Found a bloodstained altar of Trog.
  3017 | D:4      | Reached * piety under Trog
  3124 | D:4      | Killed from afar by an orc priest

Illustrated notes

Levels and vault maps discovered:
D:1:      dpeg_arrival_three_same_balls, layout_loops_ring
D:2:      layout_loops_ring, basic_altar, serial_forest,
          infiniplex_forest_clump_small, infiniplex_forest_corner_1,
          infiniplex_forest_clump_curved, infiniplex_forest_lined_2,
          infiniplex_forest_clump_medium, infiniplex_forest_straight_4,
          minmay_tromino_v4_b
D:3:      layout_basic, serial_bayou_ford_a, hangedman_feature_mirror,
          hex_large, kennysheep_orc_chapel
D:4:      layout_rooms, mainiacjoe_overflow_concentric_impassable,
          wad_floor_pattern_2, minmay_misc_feat_square, uniq_crazy_yiuf_cottage

Skill      XL: |  1  2  3  4  5 |
---------------+----------------+-----
Maces & Flails | 3 |  3.8
Armour         | 1 2 |  2.3
Fighting       | 2 |  2.9
Dodging        | 2 |  2.7
Stealth        | |  2.6
Spellcasting   | |  1.0
Earth Magic    | |  1.0

Action                     |  1- 3 |  4- 6 || total
---------------------------+-------+-------++-------
  Melee: Flail             |    41 |       ||    41
         Mace              |    97 |   135 ||   232
    Use: Scroll            |       |     6 ||     6
         Potion            |       |     4 ||     4
   Stab: Distracted        |     1 |       ||     1
         Sleeping          |     1 |       ||     1
 Armour: Robe              |   104 |       ||   104
         Chain mail        |    36 |   169 ||   205
  Dodge: Dodged            |   131 |    66 ||   197

Table legend: (Time is in decaauts)
 A = Elapsed time spent in this place.
 B = Non-inter-level travel time spent in this place.
 C = Inter-level travel time spent in this place.
 D = Time resting spent in this place.
 E = Time spent auto-exploring this place.
 F = Levels seen in this place.
 G = Mean time per level.
                   A        B        C        D        E       F      G
               +--------+--------+--------+--------+--------+-----+--------+
         Total |   3191 |   3191 |      0 |      0 |   2416 |   4 |  797.8 |
       Dungeon |   3191 |   3191 |      0 |      0 |   2416 |   4 |  797.8 |
               +--------+--------+--------+--------+--------+-----+--------+

Top non-repeatable levels by time:
     D:3: 1158 daAuts
     D:1: 998 daAuts
     D:2: 865 daAuts
     D:4: 170 daAuts
